 Dungeon Crawl Stone Soup version 0.27.0-1-g7a089689b8 (webtiles) character file.

Game seed: 12113687611452658181

25 pkoi the Shield-Bearer (level 2, -6/27 HPs)
             Began as a Minotaur Fighter on Aug 12, 2021.
             Mangled by a gnoll (7 damage)
             ... on level 2 of the Dungeon.
             The game lasted 00:00:46 (474 turns).

pkoi the Shield-Bearer (Minotaur Fighter)            Turns: 474, Time: 00:00:48

Health: -6/27      AC:  7    Str: 20    XL:     2   Next: 82%
Magic:  1/1        EV:  7    Int:  5    God:
Gold:   13         SH:  9    Dex:  9    Spells: 1/1 levels left

rFire    . . .     SeeInvis .   a - +0 flail
rCold    . . .     Faith    .   c - +0 kite shield
rNeg     + . .     Spirit   .   b - +0 scale mail
rPois    .         Reflect  .   (helmet restricted)
rElec    .         Harm     .   (no cloak)
rCorr    .         Rampage  .   (no gloves)
Will     .....                  (no boots)
Stlth    ..........             (no amulet)
HPRegen  0.09/turn              f - ring of positive energy
MPRegen  0.07/turn              (no ring)

@: no status effects
A: horns 2, retaliatory headbutt
a: no special abilities


You were on level 2 of the Dungeon.
You visited 1 branch of the dungeon, and saw 2 of its levels.

You collected 13 gold pieces.

Inventory:

Hand Weapons
 a - a +0 flail (weapon)
Missiles
 h - 15 poisoned darts (quivered)
Armour
 b - a +0 scale mail (worn)
 c - a +0 kite shield (worn)
Jewellery
 f - a ring of positive energy (left hand)
Scrolls
 e - a scroll of immolation {unknown}
 g - a scroll of silence {unknown}
 i - a scroll of teleportation {unknown}
 j - a scroll of identify {unknown}
 k - a scroll of enchant armour {unknown}
 l - a scroll of magic mapping {unknown}
Potions
 d - a potion of might


   Skills:
 + Level 3.9 Fighting
 + Level 2.8 Maces & Flails
 + Level 0.1 Throwing
 + Level 3.9 Armour
 + Level 1.0 Dodging
 + Level 4.0 Shields


You had one spell level left.
You didn't know any spells.
Your spell library was empty.

Dungeon Overview and Level Annotations

Branches:
Dungeon (2/15)

Altars:

Shops:
D:2 (


Innate Abilities, Weirdness & Mutations

You have a pair of horns on your head.
You reflexively headbutt those who attack you in melee.


Message History

There are monsters nearby!
A gnoll comes into view. It is wielding a +0 spear.
The gnoll shouts!
A gnoll comes into view. It is wielding a +0 flail.
The gnoll shouts!
You see here a scroll labelled LYRRAZATHA.
l - a scroll labelled LYRRAZATHA A quokka comes into view.
The quokka twitches its whiskers.
You barely miss the kobold. The kobold barely misses you.
You block the kobold's attack.
You closely miss the kobold. The kobold hits you but does no damage.
You hit the kobold.
You kill the kobold!
You block the quokka's attack.
You miss the quokka.
The gnoll hits you from afar with a +0 spear.
The quokka bites you. The gnoll barely misses you.
You block the quokka's attack.
You miss the quokka. Your headbutt misses the quokka.
The quokka bites you but does no damage.
The gnoll hits you from afar with a +0 spear.
You sock the quokka!
You kill the quokka!
The gnoll hits you but does no damage. The gnoll barely misses you.
Your Shields skill increases to level 4!
Things that are here:
a +0 short sword; a kobold corpse You barely miss the gnoll.
Your headbutt misses the gnoll. The gnoll completely misses you.
You block the gnoll's attack. x2
You hit the gnoll but do no damage. You block the gnoll's attack.
The gnoll hits you with a +0 spear. You block the gnoll's attack.
The gnoll hits you with a +0 club. You block the gnoll's attack.
You thump the gnoll!
The gnoll is almost dead.
The gnoll hits you from afar with a +2 halberd of flaming!
Ouch! That really hurt!
* * * LOW HITPOINT WARNING * * *
The gnoll burns you!
You die...

#####+## ####.##..#
#......# #....#.g.#
#......+ #.###..###
#......# #.#..g.#
#......# #...#r.#
#......####..#g.###
#......#.....#....#
#....<.#.##g##.####
#.#......#.##@ggg#
#......###.#.#####
#.####.###..∩.#.# .
#............#
############.#


You could see 4 gnolls.

Vanquished Creatures
  A dart slug (D:1)
  A bat (D:1)
  An endoplasm (D:1)
  A giant cockroach (D:1)
  3 goblins (D:1)
  A hobgoblin (D:1)
  3 jackals (D:1)
  4 quokkas
  3 ball pythons (D:1)
  A kobold (D:2)
19 creatures vanquished.

Notes
Turn   | Place    | Note
-------+----------+-------------------------------------------
     0 | D:1      | pkoi the Minotaur Fighter began the quest for the Orb.
     0 | D:1      | Reached XP level 1. HP: 19/19 MP: 0/0
   111 | D:1      | Reached XP level 2. HP: 27/27 MP: 1/1
   340 | D:1      | Reached skill level 1 in Dodging
   421 | D:2      | Found Nofoil's Weapon Shop.
   471 | D:2      | Reached skill level 4 in Shields
   474 | D:2      | HP: 1/27 [gnoll (15)]
   474 | D:2      | Mangled by a gnoll

Illustrated notes

Levels and vault maps discovered:
D:1:      psy_arrival_terrarium, layout_rooms, minmay_distorted
D:2:      layout_basic, hellmonk_ecumenical_altar_defaced_shrine, serial_shops,
          shop, minmay_hexomino_f4

Skill      XL: |  1  2 |
---------------+-------+-----
Dodging        | 1 |  1.0
Shields        | 4 |  4.0
Fighting       | |  3.9
Maces & Flails | |  2.8
Throwing       | |  0.1
Armour         | |  3.9

Action                   || total
-------------------------++-------
Melee: Flail             ||    34
       Headbutt          ||     7
Armor: Scale mail        ||    13
Dodge: Dodged            ||    14
Block: Kite shield       ||    26
